Map: Ruins of Endion

Players

PtitDrogo - Winner!

  • Race: Protoss Protoss
  • League: Grandmaster

LiquidTLO (TLO)

  • Race: Zerg Zerg
  • League: Grandmaster

VOD

Have the link to the VOD?

Description

Time

  • Played on: July 3, 2016, 11:14 a.m.
  • Length: 6:19
Show
View Real Time Build Order
Export as new Build Order

PtitDrogo Protoss - Winner!

Build Orders: 1 Gate Expand, Oracle Opening 

Get SALT Encoding   

  12  0:01  Probe (Chrono Boost)  
  13  0:11  Probe (Chrono Boost)  
  14  0:18  Pylon  
  14  0:22  Probe (Chrono Boost)  
  15  0:36  Probe (Chrono Boost)  
  15  0:38  Gateway  
  16  0:47  Probe (Chrono Boost)  
  16  0:48  Assimilator  
  17  0:57  Probe (Chrono Boost)  
  18  1:08  Probe (Chrono Boost)  
  19  1:21  Nexus  
  19  1:24  Probe (Chrono Boost)  
  20  1:32  Cybernetics Core  
  20  1:36  Probe (Chrono Boost)  
  21  1:42  Assimilator  
  21  1:46  Probe (Chrono Boost)  
  22  1:52  Pylon  
  22  1:57  Probe (Chrono Boost)  
  23  2:10  Mothership Core (Chrono Boost)  
  25  2:19  Warp Gate  
  25  2:28  Probe (Chrono Boost)  
  26  2:33  Probe (Chrono Boost)  
  27  2:39  Probe (Chrono Boost)  
  27  2:44  Probe (Chrono Boost)  
  29  2:47  Stargate  
  29  2:50  Probe (Chrono Boost)  
  30  2:51  Pylon  
  30  2:54  Probe (Chrono Boost)  
  30  2:56  Pylon  
  31  2:59  Stalker  
  31  3:00  Probe (Chrono Boost)  
  31  3:05  Probe (Chrono Boost)  
  35  3:11  Probe (Chrono Boost)  
  36  3:15  Probe (Chrono Boost)  
  37  3:21  Probe (Chrono Boost)  
  37  3:25  Gateway  
  38  3:27  Gateway  
  38  3:29  Probe (Chrono Boost)  
  38  3:30  Pylon  
  38  3:31  Probe (Chrono Boost)  
  40  3:36  Oracle (Chrono Boost)  
  40  3:39  Probe  
  44  3:43  Probe  
  45  3:49  Probe  
  47  3:55  Robotics Facility, Probe  
  47  4:00  Probe  
  48  4:07  Probe, Assimilator  
  48  4:08  Assimilator  
  49  4:10  Probe  
  49  4:11  Oracle (Chrono Boost)  
  53  4:19  Probe  
  53  4:21  Probe  
  55  4:32  Sentry, Zealot, Probe  
  55  4:33  Zealot  
  62  4:38  Pylon  
  62  4:41  Pylon  
  62  4:44  Pylon  
  62  4:51  Void Ray (Chrono Boost)  
  62  4:53  Pylon  
  62  4:56  Immortal (Chrono Boost)  
  70  5:02  Stalker, Zealot x2  
  76  5:19  Forge  
  76  5:30  Pylon  
  76  5:31  Immortal (Chrono Boost), Stalker x2, Zealot  
  84  5:52  Stalker  
  84  5:55  Stalker x2  
Show
View Real Time Build Order
Export as new Build Order

LiquidTLO Zerg 

Build Orders: Hatch First, Roach Nydus 

Get SALT Encoding   

  12  0:01  Drone  
  13  0:14  Overlord  
  13  0:17  Drone  
  14  0:32  Drone x2  
  16  0:48  Hatchery  
  15  0:51  Drone  
  16  1:05  Spawning Pool  
  16  1:08  Drone  
  16  1:11  Extractor  
  16  1:14  Drone  
  16  1:17  Drone  
  17  1:21  Drone  
  18  1:31  Drone  
  19  1:41  Overlord  
  19  1:52  Queen  
  19  1:53  Zergling x2  
  22  1:59  Queen  
  24  2:02  Zergling x2  
  24  2:03  Drone  
  26  2:13  Drone  
  26  2:15  Drone  
  28  2:22  Drone  
  29  2:24  Drone  
  29  2:29  Lair  
  30  2:33  Overlord  
  30  2:34  Drone  
  31  2:45  Evolution Chamber  
  31  2:46  Drone  
  31  2:48  Overlord  
  31  2:54  Drone  
  31  2:56  Drone  
  33  3:01  Roach Warren  
  33  3:02  Drone  
  33  3:04  Drone  
  34  3:06  Drone  
  34  3:09  Drone  
  34  3:12  Drone  
  37  3:15  Zerg Missile Weapons Level 1  
  37  3:19  Drone  
  38  3:24  Extractor, Drone  
  38  3:25  Drone  
  38  3:26  Drone  
  40  3:33  Drone  
  41  3:34  Drone  
  41  3:35  Extractor, Drone  
  41  3:39  Drone  
  41  3:40  Glial Reconstitution  
  43  3:45  Overlord  
  43  3:47  Roach  
  45  3:50  Roach  
  45  3:55  Roach x2  
  51  4:01  Overlord  
  51  4:03  Overlord  
  51  4:06  Roach  
  51  4:08  Drone  
  54  4:10  Spore Crawler  
  54  4:13  Spore Crawler  
  54  4:16  Roach  
  54  4:19  Roach  
  54  4:21  Roach  
  58  4:27  Roach  
  59  4:32  Queen  
  61  4:41  Nydus Network  
  60  4:46  Drone  
  60  4:47  Queen  
  60  4:50  Roach  
  67  4:52  Roach  
  67  4:57  Roach  
  67  4:59  Roach  
  71  5:02  Roach  
  71  5:04  Roach  
  75  5:17  Nydus Canal  
  75  5:26  Overlord  
  75  5:31  Nydus Canal  
  75  5:45  Overlord  
  79  5:53  Roach  
  79  5:55  Roach  
  83  5:57  Overlord  
Tags
 
Add a new tag
Caveats
  • Supply blocks, unpowered buildings, or Contaminate may cause inaccurate times.
  • Supply counts are checked every 10 seconds.